 Dungeon Crawl Stone Soup version 0.30-a0-586-g23e55c9e0a (webtiles) character file.

Game seed: 7294080166648406242

13721 Bnni the Skirmisher (level 12, -3/94 HPs)
             Began as a Formicid Hexslinger on Jan 3, 2023.
             Was an Elder of Dithmenos.
             Slain by Fannar
             ... wielding a staff of cold
              (9 damage)
             ... on level 11 of the Dungeon.
             The game lasted 00:33:41 (13901 turns).

Bnni the Skirmisher (Formicid Hexslinger)          Turns: 13901, Time: 00:33:41

Health: -3/94      AC:  7    Str: 15    XL:     12   Next: 36%
Magic:  28/28      EV: 14    Int: 16    God:    Dithmenos [****..]
Gold:   722        SH:  0    Dex: 16    Spells: 3/21 levels left

rFire   . . .      SeeInvis +    D - +1 dagger (venom)
rCold   . . .      Faith    .    B - +0 buckler
rNeg    . . .      Spirit   .    j - +2 leather armour {rPois}
rPois   +          Reflect  .    (helmet unavailable)
rElec   .          Harm     .    n - +1 cloak
rCorr   .          Rampage  .    (no gloves)
Will    +....                    (no boots)
Stlth   +                        h - amulet of regeneration
HPRegen 1.15/turn                e - ring of magical power
MPRegen 0.21/turn                J - ring of wizardry

@: confused, mighty, ambrosia-drunk, wreathed by umbra, studying Unarmed Combat,
invisible
A: permanent stasis, dig shafts and tunnels, antennae 3, four strong arms
a: Dig, Shaft Self, Renounce Religion, Shadow Step


You were on level 11 of the Dungeon.
You worshipped Dithmenos.
Dithmenos was greatly pleased with you.
You visited 2 branches of the dungeon, and saw 12 of its levels.

You collected 722 gold pieces.

Inventory:

Hand Weapons
 v - a +2 hand crossbow of freezing
 D - a +1 dagger of venom (weapon)
Missiles
 c - 18 poisoned darts
 E - 3 boomerangs of dispersal
Armour
 j - a +2 leather armour of poison resistance (worn)
 n - a +1 cloak (worn)
 B - a +0 buckler (worn)
 K - a +0 kite shield
Jewellery
 e - a ring of magical power (left hand)
 h - an amulet of regeneration (around neck)
 z - a ring of poison resistance
 J - a ring of wizardry (right hand)
Wands
 a - a wand of flame (21)
 q - a wand of paralysis (25)
Scrolls
 b - 3 scrolls of poison
 i - a scroll of amnesia {unknown}
 k - 2 scrolls of noise {unknown}
 m - a scroll of torment {unknown}
 s - 3 scrolls of enchant armour {unknown}
 w - 3 scrolls of fear
 x - 4 scrolls of blinking {unknown}
 y - a scroll of immolation
 C - a scroll of butterflies {unknown}
 F - 3 scrolls of enchant weapon {unknown}
Potions
 d - 3 potions of attraction
 g - a potion of brilliance
 l - 6 potions of heal wounds {unknown}
 o - 5 potions of flight
 p - a potion of invisibility
 r - a potion of cancellation
 t - 6 potions of mutation
 u - 5 potions of curing
 A - 3 potions of lignification
 H - a potion of magic {unknown}
 I - 9 potions of ambrosia


   Skills:
 + Level 8.5 Fighting
 * Level 11.2 Ranged Weapons
 - Level 5.0 Armour
 + Level 5.7 Dodging
 + Level 6.2 Shields
 - Level 5.0 Spellcasting
 - Level 9.0 Hexes
 + Level 4.6 Translocations
 - Level 3.0 Fire Magic


You had 3 spell levels left.
You knew the following spells:

 Your Spells              Type           Power      Damage    Failure   Level
a - Slow                  Hex            100%       N/A       1%          1
b - Inner Flame           Hex/Fire       23%        N/A       2%          3
c - Portal Projectile     Hex/Tloc       50%        N/A       1%          3
d - Cause Fear            Hex            16%        N/A       2%          4
e - Passage of Golubria   Tloc           18%        N/A       13%         4
t - Tukima's Dance        Hex            32%        N/A       1%          3

Your spell library contained the following spells:

 Spells                   Type           Power      Damage    Failure   Level
 Necrotise                Necr           16%        1d4       9%          1
 Shock                    Conj/Air       16%        1d4       9%          1
 Vampiric Draining        Necr           4%         2d6       26%         3
 Manifold Assault         Tloc           18%        N/A       13%         4
 Silence                  Hex/Air        9%         N/A       34%         5
 Airstrike                Air            2%         2d(1-17)  61%         4
 Agony                    Necr           4%         N/A       91%         5
 Blade Hands              Tmut           2%         N/A       91%         5
 Storm Form               Tmut/Air       2%         N/A       100%        7
 Lehudib's Crystal Spear  Conj/Erth      2%         10d2      100%        8
 Blink                    Tloc           Unusable   N/A       N/A         2
 Swiftness                Air            Unusable   N/A       N/A         3

Dungeon Overview and Level Annotations

Branches:
Dungeon (11/15)            Temple (1/1) D:6            Lair (0/5) D:9
    Orc (0/2) D:9

Altars:
Ashenzari
Dithmenos
Elyvilon
Fedhas
Hepliaklqana
Makhleb
Okawaru
Qazlal
Sif Muna
Trog
Uskayaw
Vehumet
Xom
Yredelemnul
Zin
The Shining One

Shops:
D:1 [

Annotations:
D:11 Fannar


Innate Abilities, Weirdness & Mutations

You cannot be hasted, slowed, berserked, paralysed or teleported.
You can dig through walls and to a lower floor.
You have a pair of large antennae on your head. (SInv)
Your four strong arms can wield two-handed weapons with a shield.


Message History

Fannar is lightly wounded.
Fannar mumbles some strange words.
You hit Fannar but do no damage.
Fannar is lightly wounded.
You block Fannar's attack.
You miss Fannar.
Fannar is moderately wounded.
Fannar points at you and mumbles some strange words.
The bolt of cold hits you!!
* * * LOW HITPOINT WARNING * * *
Okay, then.
Unknown command.
Casting: Slow (safe; 1% risk of failure)
Confirm with . or Enter, or press ? or * to list all spells.
Casting: Cause Fear (dangerous; 2% risk of failure)
Press: ? - help, Dir - look around, f - activate Look: Fannar, wielding a staff of cold and wearing a +2 robe of cold resistance (moderately wounded, extremely poisoned, umbra, chance to affect: 21%)
Okay, then.
Unknown command.
Okay, then.
Press: ? - help, v - describe, . - travel
Here: Fannar, wielding a staff of cold and wearing a +2 robe of cold resistance (moderately wounded, extremely poisoned, umbra)
The floor.
You fade into invisibility!
Fannar hits you with a staff of cold.
* * * LOW HITPOINT WARNING * * *
Fannar freezes you.
* * * LOW HITPOINT WARNING * * *
You are confused.
You feel invigorated. Fannar barely misses you.
You bump into the rock wall.
Fannar hits you with a staff of cold!
* * * LOW HITPOINT WARNING * * *
Fannar freezes you!
* * * LOW HITPOINT WARNING * * *
You barely miss Fannar.
Fannar is moderately wounded.
Fannar hits you with a staff of cold.
* * * LOW HITPOINT WARNING * * *
Fannar freezes you!
You die...

### ..# #.# #+###
#.# .....
####.########
......
#............
#...>..e...###
#............
#?.........'Y#
#............
#..... #Y#
#............
#..... #e#
#............
.....
#@####............
^..
#.................
#'####
######............
#..!.#
####.########
########.### #.#
#.....^....# ##.#
#).<.......# #..#
###..........#
###'#########
#............####
#...†.......#


You could see Fannar (unable to see you, very poisoned) and 2 ice beasts.

Vanquished Creatures
  Erica (D:8)
  A boulder beetle (D:11)
  A cyclops (D:11)
  A gargoyle (D:8)
  2 unseen horrors (D:11)
  A queen bee (D:11)
  3 trolls
  3 hornets
  A slime creature (D:7)
  2 shadows
  2 wyverns
  4 wraiths
  9 yaks (D:10)
  A vampire mosquito (D:9)
  Menkaure (D:6)
  4 ice beasts
  A sky beast (D:7)
  2 black bears
  5 orc warriors
  9 ogres
  3 centaurs
  4 kobold brigands
  2 bullfrogs
  A scorpion (D:5)
  4 gnoll sergeants
  12 wights
  37 killer bees
  6 howler monkeys
  9 hounds
  2 jellies (D:5)
  7 orc priests
  Crazy Yiuf (D:4)
  Terence (D:2)
  4 iguanas
  12 orc wizards
  11 gnolls
  6 adders
  4 shadow imps
  5 white imps
  2 ufetubi
  A worm (D:2)
  3 dart slugs
  38 orcs
  4 endoplasms
  3 giant cockroaches
  4 goblins
  7 hobgoblins
  6 jackals
  3 quokkas
  9 ball pythons
  5 bats
  6 frilled lizards
  2 goblin skeletons (D:4)
  2 goblin zombies (D:4)
  2 hobgoblin zombies (D:4)
  11 kobolds
  5 kobold zombies (D:4)
  An orc skeleton (D:4)
  An orc zombie (D:4)
  4 rats
304 creatures vanquished.

Vanquished Creatures (collateral kills)
  A two-headed ogre (D:10)
1 creature vanquished.

Vanquished Creatures (others)
  An orc (D:6)
1 creature vanquished.

Grand Total: 306 creatures vanquished

Notes
Turn   | Place    | Note
-------+----------+-------------------------------------------
     0 | D:1      | Bnni the Formicid Hexslinger began the quest for the Orb.
     0 | D:1      | Reached XP level 1. HP: 15/15 MP: 2/2
   360 | D:1      | Found Fuptyc's Antique Armour Emporium.
   364 | D:1      | Reached XP level 2. HP: 15/21 MP: 3/3
   515 | D:1      | Reached XP level 3. HP: 26/26 MP: 4/4
   516 | D:1      | Reached skill level 1 in Fire Magic
   522 | D:1      | Learned a level 3 spell: Inner Flame
   823 | D:2      | Reached skill level 1 in Armour
   987 | D:2      | Found a faded altar of an unknown god.
  1180 | D:2      | Noticed Terence
  1257 | D:2      | Killed Terence
  1258 | D:2      | Reached XP level 4. HP: 20/32 MP: 6/6
  1954 | D:3      | Reached XP level 5. HP: 38/38 MP: 7/7
  2994 | D:4      | Reached skill level 3 in Ranged Weapons
  2994 | D:4      | Reached XP level 6. HP: 38/44 MP: 8/8
  2999 | D:4      | Learned a level 4 spell: Cause Fear
  3350 | D:4      | Found a glowing golden altar of the Shining One.
  3495 | D:4      | Noticed an ogre
  3569 | D:4      | Killed an ogre
  3570 | D:4      | Reached skill level 5 in Hexes
  3964 | D:4      | Found a runed translucent door.
  3965 | D:4      | Noticed Crazy Yiuf
  3995 | D:4      | Killed Crazy Yiuf
  4117 | D:4      | Found a hazy altar of Hepliaklqana.
  4297 | D:5      | Entered Level 5 of the Dungeon
  4336 | D:4      | Reached XP level 7. HP: 25/51 MP: 10/10
  4896 | D:5      | Reached skill level 4 in Ranged Weapons
  5090 | D:5      | Reached XP level 8. HP: 58/58 MP: 12/12
  5094 | D:5      | Learned a level 3 spell: Portal Projectile
  5776 | D:6      | Found a staircase to the Ecumenical Temple.
  5785 | Temple   | Entered the Ecumenical Temple
  6097 | Temple   | Became a worshipper of Dithmenos the Shadowed
  6140 | D:6      | Reached skill level 1 in Translocations
  6783 | D:6      | Reached XP level 9. HP: 57/64 MP: 14/14
  6802 | D:6      | Reached skill level 5 in Ranged Weapons
  6926 | D:6      | Reached skill level 5 in Armour
  7094 | D:6      | Noticed Menkaure
  7096 | D:6      | Killed Menkaure
  7983 | D:7      | Learned a level 3 spell: Tukima's Dance
  8148 | D:7      | Reached skill level 6 in Ranged Weapons
  8443 | D:7      | Reached * piety under Dithmenos
  8696 | D:7      | Identified a scroll of acquirement
  8734 | D:7      | Reached XP level 10. HP: 70/73 MP: 16/16
  8882 | D:7      | Reached skill level 5 in Fighting
  9406 | D:7      | Acquired a +2 hand crossbow of freezing
  9425 | D:7      | Reached skill level 7 in Ranged Weapons
  9702 | D:8      | Noticed a gargoyle
  9715 | D:8      | Killed a gargoyle
  9716 | D:8      | Reached skill level 5 in Spellcasting
  9933 | D:8      | Noticed Erica
  9938 | D:8      | Killed Erica
  9939 | D:8      | Reached skill level 8 in Ranged Weapons
 10250 | D:8      | Reached ** piety under Dithmenos
 11087 | D:9      | Found a staircase to the Lair.
 11193 | D:9      | Reached skill level 9 in Ranged Weapons
 11193 | D:9      | Reached XP level 11. HP: 83/83 MP: 18/18
 11473 | D:9      | Found a staircase to the Orcish Mines.
 11758 | D:10     | Entered Level 10 of the Dungeon
 12032 | D:10     | Learned a level 4 spell: Passage of Golubria
 12080 | D:10     | Noticed a two-headed ogre
 12256 | D:10     | Reached *** piety under Dithmenos
 12310 | D:10     | Reached skill level 5 in Shields
 12315 | D:10     | Reached skill level 10 in Ranged Weapons
 12985 | D:10     | Killed a two-headed ogre
 12986 | D:10     | Reached skill level 5 in Dodging
 13304 | D:11     | Reached XP level 12. HP: 92/92 MP: 12/19
 13600 | D:11     | Reached **** piety under Dithmenos
 13601 | D:11     | Reached skill level 11 in Ranged Weapons
 13644 | D:11     | Noticed a boulder beetle
 13653 | D:11     | Killed a boulder beetle
 13875 | D:11     | Noticed Fannar
 13900 | D:11     | HP: 4/94 [Fannar/staff of cold (16)]
 13901 | D:11     | Slain by Fannar

Illustrated notes

Levels and vault maps discovered:
D:1:      nicolae_arrival_washed_ashore, layout_basic, serial_shops, shop
D:2:      layout_loops_corners, shapermc_ecumenical_altar_venn, uniq_terence
D:3:      layout_basic
D:4:      layout_basic, nicolae_tso_besieged_by_evil, general_overflow_altar,
          uniq_crazy_yiuf_cottage
D:5:      layout_cave_pods
D:6:      layout_basic, minmay_temple_entry_arrows,
          nicolae_ossuary_entry_false_entrances, uniq_menkaure
D:7:      layout_loops_ring, grunt_ministairs_9, kennysheep_nondescript,
          kennysheep_generic_room_5
D:8:      layout_layer_cave, minmay_manual_mail, uniq_erica
D:9:      layout_roguey, kennysheep_orc_monster_closet_entryway
D:10:     layout_basic, minmay_diced_spiral
D:11:     layout_roguey [special_room_bee], uniq_fannar
Temple:   mainiacjoe_temple_big_plus

Skill      XL: |  1  2  3  4  5  6  7  8  9 10 11 12 |
---------------+-------------------------------------+-----
Fire Magic     | 1 2 3 |  3.0
Armour         | 1 2 3 4 5 |  5.0
Hexes          | 4 5 6 8 9 |  9.0
Fighting       | 2 3 4 6 8 |  8.5
Ranged Weapons | 3 4 6 9 10 11 | 11.2
Spellcasting   | 2 3 4 5 |  5.0
Translocations | 2 3 4 |  4.6
Dodging        | 3 5 |  5.7
Shields        | 5 6 |  6.2

Action                   |  1- 3 |  4- 6 |  7- 9 | 10-12 || total
-------------------------+-------+-------+-------+-------++-------
Melee: Sling             |       |       |     4 |       ||     4
       Dagger            |       |       |       |     6 ||     6
 Fire: Sling             |   111 |   305 |   350 |       ||   766
       Shortbow          |       |       |    96 |    47 ||   143
       Hand crossbow     |       |       |       |   295 ||   295
Throw: Dart              |       |       |       |     3 ||     3
 Cast: Slow              |    14 |    21 |    37 |    10 ||    82
       Inner Flame       |     1 |     6 |    17 |    24 ||    48
       Cause Fear        |       |       |     3 |     4 ||     7
       Portal Projectile |       |       |     3 |    11 ||    14
       Tukima's Dance    |       |       |       |     8 ||     8
 Abil: Dig               |       |       |     9 |       ||     9
  Use: Scroll            |       |     8 |     4 |     5 ||    17
       Potion            |       |       |     4 |     3 ||     7
Armor: Robe              |     3 |       |       |       ||     3
       Leather armour    |    16 |    61 |   113 |    45 ||   235
Dodge: Dodged            |    26 |    93 |   192 |   156 ||   467
Block: Buckler           |       |       |       |    59 ||    59

Table legend: (Time is in decaauts)
 A = Elapsed time spent in this place.
 B = Non-inter-level travel time spent in this place.
 C = Inter-level travel time spent in this place.
 D = Time resting spent in this place.
 E = Time spent auto-exploring this place.
 F = Levels seen in this place.
 G = Mean time per level.
                   A        B        C        D        E       F      G
               +--------+--------+--------+--------+--------+-----+--------+
         Total |  14274 |  13851 |    423 |   1478 |   9592 |  12 | 1189.5 |
       Dungeon |  13938 |  13564 |    374 |   1478 |   9322 |  11 | 1267.1 |
        Temple |    335 |    286 |     49 |      0 |    270 |   1 |  335.0 |
               +--------+--------+--------+--------+--------+-----+--------+

Top non-repeatable levels by time:
     D:6: 2062 daAuts
     D:7: 1689 daAuts
     D:4: 1523 daAuts
    D:10: 1457 daAuts
     D:8: 1453 daAuts
     D:3: 1263 daAuts
     D:5: 1147 daAuts
     D:2: 1034 daAuts
     D:9: 910 daAuts
     D:1: 719 daAuts
    D:11: 676 daAuts
  Temple: 335 daAuts
